 Dungeon Sprint DCSS version 0.15-b1-112-g92f6b21 (console) character file.

457807 nrook the Bringer of Law (level 19, 91/207 HPs)
             Began as a Hill Orc Monk on Aug 23, 2014.
             Was the Champion of Zin.
             Escaped with the Orb!
             The game lasted 01:18:54 (7055 turns).

nrook the Bringer of Law (Hill Orc Monk)            Turns: 7055, Time: 01:18:54

HP  91/207       AC 44     Str 30      XL: 19   Next:  6%
MP  36/41        EV 26     Int 24      God: Zin [******]
Gold 0           SH 35     Dex 24      Spells:  0 memorised, 18 levels left

rFire  + + .     SeeInvis +       - Unarmed
rCold  + + .     Clarity  .     F - +15 Maxwell's patent armour {rC+ rF+, -Cast -Tele MR+}
rNeg   + + +     rCorr    .     G - +18 shield of the gong {rElec rN+ MR+ EV-5}
rPois  +         rRot     .     P - +0 mask of the Dragon {MR+ Slay+3 SInv}
rElec  +         Spirit   .     M - +2 cloak {MR+}
SustAb .         Warding  +     d - +1 pair of gloves of Vehumet's Generosity {Slay+5}
rMut   .         NoTele   +     C - +2 pair of boots {run}
Gourm  .         NoCast   +     W - amulet of Cekugob {Ward -Tele rElec rPois rN++ AC+1 EV+1}
MR     +++++                    R - ring "Smiac" {rC+ Str+1 Stlth-}
                                L - ring "Thriotagg" {rF+ Int+5 Stlth+}

@: vitalised, short of breath, corroded equipment, very slightly contaminated,
hasted (expiring), very quick, almost entirely resistant to hostile
enchantments, extremely unstealthy
A: no striking features
a: Recite, Vitalisation, Imprison, Sanctuary, Cure All Mutations, Renounce
Religion
0: Orb of Zot


You escaped.
You worshipped Zin.
Zin was exalted by your worship.
You were not hungry.

You visited 1 branch


   Skills:
 O Level 27 Fighting
 - Level 21.4 Long Blades
 + Level 2.5(8.3) Slings
 - Level 13.0(13.1) Throwing
 - Level 25.9 Armour
 - Level 21.6 Dodging
 - Level 1.5 Stealth
 - Level 17.8 Shields
 - Level 4.3 Unarmed Combat
 O Level 27 Invocations
 O Level 27 Evocations


You had 18 spell levels left.
You didn't know any spells.

Inventory:

Hand weapons
 a - the +7 Singing Sword
   (You found it in the Dungeon)
 E - the +10 hunting sling of Zin {speed, +Inv rElec rN+ Dex+3}
   (You found it in the Dungeon)

   Attacks with this weapon are significantly faster.
   It affects your dexterity (+3).
   It insulates you from electricity.
   It protects you from negative energy.
   It lets you turn invisible.
Missiles
 p - 58 javelins
 H - 39 steel javelins (quivered)
 N - 2 throwing nets
Armour
 d - the +1 pair of gloves of Vehumet's Generosity (worn) {Slay+5}
   (You found it in the Dungeon)

   It affects your accuracy and damage with ranged weapons and melee attacks
   (+5).
 C - a +2 pair of boots of running (worn)
 F - the +15 Maxwell's patent armour (worn) {rC+ rF+, -Cast -Tele MR+}
   (You found it in the Dungeon)

   It affects your resistance to hostile enchantments.
   It prevents spellcasting.
   It prevents most forms of teleportation.
 G - the +18 shield of the gong (worn) {rElec rN+ MR+ EV-5}
   (You found it in the Dungeon)

   It affects your evasion (-5).
   It insulates you from electricity.
   It protects you from negative energy.
   It affects your resistance to hostile enchantments.
 I - a +9 gold dragon armour
 M - a +2 cloak of magic resistance (worn)
 P - the +0 mask of the Dragon (worn) {MR+ Slay+3 SInv}
   (You found it in the Dungeon)

   It affects your accuracy and damage with ranged weapons and melee attacks
   (+3).
   It affects your resistance to hostile enchantments.
   It enhances your eyesight.
Magical devices
 y - a wand of cold (3)
 B - a wand of fire (0)
 D - a wand of heal wounds (4)
Comestibles
 x - 42 fruits
 V - 3 meat rations
Scrolls
 h - 4 scrolls of blinking
 q - 2 scrolls of fear
 r - 8 scrolls of fog
 s - a scroll of holy word
 t - 4 scrolls of identify
 u - 3 scrolls of recharging
 v - 3 scrolls of remove curse
Jewellery
 m - the brooch of Shielding {Ward rN+ AC+4 EV+4}
   (You found it in the Dungeon)

   [amulet of warding]

   It may prevent the melee attacks of summoned creatures.
   It affects your AC (+4).
   It affects your evasion (+4).
   It protects you from negative energy.
 A - a cursed ring of protection from fire
 L - the ring "Thriotagg" (left hand) {rF+ Int+5 Stlth+}
   (You found it in the Dungeon)

   [ring of intelligence]

   It affects your intelligence (+5).
   It protects you from fire.
   It makes you more stealthy.
 R - the ring "Smiac" (right hand) {rC+ Str+1 Stlth-}
   (You found it in the Dungeon)

   [ring of protection from cold]

   It affects your strength (+1).
   It protects you from cold.
   It makes you less stealthy.
 S - an uncursed amulet of guardian spirit
 T - an uncursed amulet of resist corrosion
 W - the amulet of Cekugob (around neck) {Ward -Tele rElec rPois rN++ AC+1 EV+1}
   (You found it in the Dungeon)

   [amulet of warding]

   It may prevent the melee attacks of summoned creatures.
   It affects your AC (+1).
   It affects your evasion (+1).
   It insulates you from electricity.
   It protects you from poison.
   It greatly protects you from negative energy.
   It prevents most forms of teleportation.
 Z - the ring of the Country {+Rage rF+ SInv}
   (You found it in the Dungeon)

   [ring of protection from fire]

   It protects you from fire.
   It enhances your eyesight.
   It lets you go berserk.
Potions
 c - 9 potions of curing
 e - 3 potions of haste
 f - 7 potions of magic
 g - 3 potions of berserk rage {!q}
 i - 2 potions of brilliance
 j - a potion of invisibility
 k - 2 potions of restore abilities
 l - 4 potions of resistance
 n - 4 potions of agility
 o - 3 potions of might
Miscellaneous
 w - a phial of floods
 z - a lamp of fire
 J - a phial of floods
 K - a legendary deck of summonings {drawn: 2}
 O - a phial of floods
 U - an ornate deck of summonings
 X - a phial of floods
 Y - a fan of gales
Rods
 b - a +4 rod of shadows (13/13) {!a}
   (You found it in the Dungeon)
 Q - a +4 lightning rod (14/14)
   (You found it in the Dungeon)


Message History

You see here the Orb of Zot.
You start resting.
Zin accepts your kill.
You feel a bit more experienced. Zin accepts your kill.
Your fan of gales has recharged.
You feel a bit more experienced.
You start resting.
Your extra speed is starting to run out.
You start resting.
Zin accepts your kill.
Zin will now cure all your mutations... once.
You have mastered Evocations!
You need to enable at least one skill for training.
Your Slings skill gained 2 levels and is now at level 2!
You feel a bit more experienced.
You pick up the Orb of Zot!
The orb lets out a hideous shriek!
The lords of Pandemonium are not amused.
Beware!
Now all you have to do is get back out of the dungeon!
There is a staircase leading out of the dungeon here.
You have escaped!

.:..[).).[..#.............#......
.[....).....#.............#######
............#..#.......#..#...8^8
............#.###.....###.#..)..}
............#..#.......#..#..}:=.
............#.(().........#......
............#.)%..........#......
............###############......
............#8888888888888#......
............#8...........8#......
............#8..@........8#.#.)..
............#8..ยค........8#.....)
............#8888888888888#######
#################################
~~.~.8^8.~.~~.~~#........8^8.....
::~)~~~|:~~):~|~#.[:|[)==:[[[:[[?
~}|~)?[}/:[)~:|~#.?)})|:|||}[)?):
~)=~)}~~)~)::|[.#.=))[:::}))=|[=.
..~~~~.~.~~..~~~#.......=))|.....
.~~~....~~......#................
~...~~.~~~....~.#..........}.....


There were no monsters in sight!

Vanquished Creatures
  3 pearl dragons (D)
  8 titans (D)
  4 quicksilver dragons (D)
  6 acid blobs (D)
  A storm dragon (shapeshifter) (D)
  5 krakens (D)
  2 sphinxes (shapeshifter) (D)
  5 azure jellies (D)
  2 daevas (D)
  4 fire giants (D)
  An azure jelly (shapeshifter) (D)
  A fire giant (shapeshifter) (D)
  8 iron dragons (D)
  A draconian scorcher (D)
  8 frost giants (D)
  2 angels (D)
  2 draconian knights (D)
  A very ugly thing (D)
  A draconian annihilator (D)
  4 reapers (D)
  13 stone giants (D)
  3 draconian shifters (D)
  2 ophanim (D)
  2 apis (D)
  A green draconian (D)
  A black draconian (D)
  3 mottled draconians (D)
  A yellow draconian (shapeshifter) (D)
  2 purple draconians (D)
  4 red draconians (D)
  4 pale draconians (D)
  A mottled draconian (shapeshifter) (D)
  2 white draconians (D)
  6 merfolk javelineers (D)
  8 merfolk impalers (D)
  8 ettins (D)
  5 death oozes (D)
  6 crystal guardians (D)
  A great orb of eyes (shapeshifter) (D)
  3 deep elf high priests (D)
  5 great orbs of eyes (D)
  2 ghost crabs (shapeshifter) (D)
  A siren (shapeshifter) (D)
  A satyr (D)
  4 merfolk aquamancers (D)
  A death yak (shapeshifter) (D)
  A hell hog (D)
  A sun demon (D)
  An ice devil (D)
  7 iron golems (D)
  A hell knight (D)
  A catoblepas (shapeshifter) (D)
  An iron troll (shapeshifter) (D)
  A large abomination (D)
  A skeletal warrior (D)
  A sea snake (shapeshifter) (D)
  A giant orange brain (D)
  3 cherubim (D)
  6 sea snakes (D)
  A death drake (shapeshifter) (D)
  2 giant orange brains (shapeshifter) (D)
  7 hill giants (D)
  A harpy (D)
  An unseen horror (shapeshifter) (D)
  A hill giant (shapeshifter) (D)
  An orc knight (D)
  A hellion (D)
  A mana viper (shapeshifter) (D)
  A wolf spider (shapeshifter) (D)
  An ugly thing (D)
  15 cyclopes (D)
  An orc sorcerer (D)
  A draconian zombie (D)
  2 salamanders (shapeshifter) (D)
  A mermaid (D)
  An eye of devastation (shapeshifter) (D)
  A shining eye (D)
  2 octopodes (shapeshifter) (D)
  2 mermaids (shapeshifter) (D)
  2 manticores (D)
  An orange demon (D)
  2 sixfirhies (D)
  2 tormentors (D)
  A smoke demon (D)
  7 gargoyles (D)
  A grey draconian zombie (D)
  4 eyes of devastation (D)
  A spiny frog (shapeshifter) (D)
  2 trolls (D)
  2 deep elf priests (D)
  A hell beast (D)
  2 yaktaurs (shapeshifter) (D)
  A jumping spider (D)
  4 freezing wraiths (D)
  A merfolk (shapeshifter) (D)
  A wind drake (shapeshifter) (D)
  5 merfolk (D)
  A queen bee (shapeshifter) (D)
  4 red devils (D)
  2 two-headed ogres (D)
  2 wind drakes (D)
  7 slime creatures (D)
  A shadow (D)
  A redback (shapeshifter) (D)
  3 air elementals (D)
  A deep elf mage (D)
  A ynoxinul (D)
  A wraith (D)
  A basilisk (shapeshifter) (D)
  2 flying skulls (D)
  A tarantella (shapeshifter) (D)
  A fire bat (D)
  A water elemental (D)
  A vampire (D)
  2 golden eyes (D)
  A steam dragon (shapeshifter) (D)
  A trapdoor spider (shapeshifter) (D)
  A hippogriff (D)
  A hog (shapeshifter) (D)
  2 chaos spawn (D)
  A mottled dragon (D)
  A neqoxec (D)
  2 water moccasins (D)
  A naga (D)
  2 hell hounds (D)
  A small abomination (D)
  4 orc warriors (D)
  3 ogres (D)
  A centaur (D)
  3 phantoms (D)
  3 tengu (shapeshifter) (D)
  2 ice beasts (D)
  A necrophage (D)
  2 giant frogs (D)
  A big kobold (shapeshifter) (D)
  13 earth elementals (D)
  4 insubstantial wisps (D)
  An eye of draining (shapeshifter) (D)
  A scorpion (D)
  A wight (D)
  3 eyes of draining (D)
  3 quasits (D)
  6 jellies (D)
  4 crimson imps (D)
  3 iron imps (D)
  4 orc priests (D)
  3 orc wizards (D)
  2 sheep (D)
  A mummy (D)
  2 adders (D)
  A shadow imp (D)
  3 white imps (D)
  An adder zombie (D)
  A giant eyeball (D)
  3 oozes (D)
  5 orcs (D)
  2 bats (shapeshifter) (D)
  2 bat skeletons (D)
  A bat zombie (D)
  3 hobgoblins (D)
  A ball python (D)
  A giant newt (D)
  A goblin skeleton (D)
  A goblin zombie (D)
  A hobgoblin skeleton (D)
  A hobgoblin zombie (D)
  A kobold skeleton (D)
  An orc zombie (D)
  A rat (D)
  A rat (shapeshifter) (D)
  A rat zombie (D)
  A spectral ball python (D)
  A fungus (D)
  17 pillars of salt (D)
  13 tentacles (D)
  2 tentacle segments (D)
454 creatures vanquished.

Vanquished Creatures (collateral kills)
  An acid blob (D)
  3 merfolk impalers (D)
  A merfolk aquamancer (D)
  2 iron golems (D)
  2 water nymphs (D)
  A griffon (D)
  A manticore (D)
  A mermaid (D)
  2 merfolk (D)
  2 slime creatures (D)
  A water elemental (D)
17 creatures vanquished.

Vanquished Creatures (others)
  An eldritch tentacle (D)
  A grey draconian (D)
  An anaconda (shapeshifter) (D)
  A giant orange brain (shapeshifter) (D)
  A mana viper (shapeshifter) (D)
  2 cyclopes (D)
  5 air elementals (D)
  4 water elementals (D)
  An ice beast (D)
  3 boggarts (D)
  A killer bee (D)
  3 sheep (D)
  2 orcs (D)
  A goblin (D)
  56 eldritch tentacle segments (D)
  7 pillars of salt (D)
  66 tentacles (D)
  863 tentacle segments (D)
1019 creatures vanquished.

Grand Total: 1490 creatures vanquished

Notes
Turn   | Place    | Note
--------------------------------------------------------------
     0 | D        | nrook, the Hill Orc Monk, began the quest for the Orb.
     0 | D        | Reached XP level 1. HP: 19/19 MP: 1/1
     0 | D        | Found a roughly hewn altar of Beogh.
     0 | D        | Found a corrupted altar of Lugonu.
     1 | D        | Found a white marble altar of Elyvilon.
     1 | D        | Found an ancient bone altar of Kikubaaqudgha.
     2 | D        | Found a burning altar of Makhleb.
     2 | D        | Found an iron altar of Okawaru.
     4 | D        | Found a sparkling altar of Nemelex Xobeh.
     4 | D        | Found a basalt altar of Yredelemnul.
     4 | D        | Found a deep blue altar of Sif Muna.
     4 | D        | Found a radiant altar of Vehumet.
     9 | D        | Found a bloodstained altar of Trog.
    35 | D        | Found a shimmering altar of Xom.
    43 | D        | Became a worshipper of Zin the Law-Giver
    43 | D        | Acquired Zin's first power
    43 | D        | Acquired Zin's second power
    90 | D        | Reached skill level 9 in Invocations
    90 | D        | Reached XP level 2. HP: 26/26 MP: 1/7
   150 | D        | Entered arena 1.
   150 | D        | Noticed a scorpion
   150 | D        | Noticed a jumping spider
   152 | D        | Killed a scorpion
   152 | D        | Reached XP level 3. HP: 31/31 MP: 10/10
   157 | D        | Killed a jumping spider
   157 | D        | Reached skill level 11 in Long Blades
   157 | D        | Reached XP level 4. HP: 28/39 MP: 12/12
   157 | D        | Reached XP level 5. HP: 32/45 MP: 15/15
   157 | D        | Reached XP level 6. HP: 36/51 MP: 17/17
   245 | D        | Entered arena 2.
   245 | D        | Noticed a quasit
   245 | D        | Noticed a crimson imp
   248 | D        | Killed a crimson imp
   248 | D        | Reached skill level 3 in Armour
   257 | D        | Killed a quasit
   277 | D        | Entered arena 3.
   277 | D        | Noticed a necrophage
   277 | D        | Noticed a phantom
   277 | D        | Noticed a phantom
   277 | D        | Noticed a phantom
   280 | D        | Killed a necrophage
   280 | D        | Reached skill level 6 in Armour
   286 | D        | Killed a phantom
   286 | D        | Reached XP level 7. HP: 50/57 MP: 19/19
   292 | D        | Killed a phantom
   292 | D        | Reached skill level 3 in Shields
   300 | D        | Killed a phantom
   300 | D        | Reached skill level 6 in Fighting
   348 | D        | Entered arena 4.
   348 | D        | Noticed a jelly
   348 | D        | Noticed an eye of draining
   352 | D        | Paralysed by a giant eyeball for 3 turns
   354 | D        | Killed a jelly
   359 | D        | Killed an eye of draining
   365 | D        | Got the cursed +8 ice dragon armour of the Catamount {rF- rC++ Int+3 Slay+2}
   473 | D        | Entered arena 5.
   473 | D        | Noticed an insubstantial wisp
   473 | D        | Noticed an insubstantial wisp
   473 | D        | Noticed an insubstantial wisp
   473 | D        | Noticed an air elemental
   473 | D        | Noticed an insubstantial wisp
   478 | D        | Killed an air elemental
   478 | D        | Reached skill level 12 in Invocations
   478 | D        | Reached XP level 8. HP: 68/70 MP: 20/22
   480 | D        | Killed an insubstantial wisp
   481 | D        | Killed an insubstantial wisp
   481 | D        | Reached skill level 12 in Long Blades
   487 | D        | Killed an insubstantial wisp
   494 | D        | Killed an insubstantial wisp
   516 | D        | Entered arena 6.
   516 | D        | Noticed a merfolk
   516 | D        | Noticed a merfolk
   516 | D        | Noticed a hippogriff
   516 | D        | Noticed a merfolk
   516 | D        | Noticed a centaur
   525 | D        | Killed a merfolk
   535 | D        | Killed a merfolk
   535 | D        | Reached skill level 13 in Invocations
   536 | D        | Killed a hippogriff
   536 | D        | Reached skill level 9 in Fighting
   536 | D        | Reached XP level 9. HP: 55/83 MP: 23/25
   537 | D        | Killed a centaur
   542 | D        | Killed a merfolk
   542 | D        | Reached skill level 9 in Armour
   555 | D        | Got the amulet "Jakourye" {Ward rN+ Int+3}
   657 | D        | Entered arena 7.
   657 | D        | Noticed a water moccasin
   657 | D        | Noticed a naga
   657 | D        | Noticed a water moccasin
   665 | D        | Killed a water moccasin
   665 | D        | Reached skill level 3 in Evocations
   667 | D        | Killed a water moccasin
   678 | D        | Killed a naga
   678 | D        | Reached skill level 6 in Shields
   732 | D        | Entered arena 8.
   732 | D        | Noticed a two-headed ogre
   732 | D        | Noticed a troll
   732 | D        | Noticed a cyclops
   732 | D        | Noticed an ogre
   732 | D        | Noticed an ogre
   732 | D        | Noticed a troll
   732 | D        | Noticed a two-headed ogre
   738 | D        | Killed a two-headed ogre
   743 | D        | Killed a troll
   745 | D        | Killed a troll
   746 | D        | Killed an ogre
   747 | D        | Killed an ogre
   750 | D        | Killed a cyclops
   750 | D        | Reached skill level 14 in Long Blades
   750 | D        | Reached XP level 10. HP: 76/95 MP: 26/26
   754 | D        | Killed a two-headed ogre
   827 | D        | Entered arena 9.
   827 | D        | Noticed an iron imp
   827 | D        | Noticed a crimson imp
   827 | D        | Noticed a quasit
   827 | D        | Noticed a crimson imp
   827 | D        | Noticed a fire bat
   827 | D        | Noticed a small abomination
   827 | D        | Noticed a quasit
   831 | D        | Killed a fire bat
   832 | D        | Killed a small abomination
   839 | D        | Killed a crimson imp
   845 | D        | Killed an iron imp
   845 | D        | Reached skill level 15 in Long Blades
   849 | D        | Killed a crimson imp
   855 | D        | Killed a quasit
   865 | D        | Killed a quasit
   880 | D        | Got the ring "Smiac" {rC+ Str+1 Stlth-}
  1017 | D        | Entered arena 10.
  1017 | D        | Noticed an orc priest
  1017 | D        | Noticed an orc priest
  1017 | D        | Noticed an orc warrior
  1017 | D        | Noticed an orc wizard
  1017 | D        | Noticed an orc warrior
  1017 | D        | Noticed an orc priest
  1017 | D        | Noticed an orc wizard
  1024 | D        | Killed an orc warrior
  1025 | D        | Killed an orc priest
  1026 | D        | Killed an orc priest
  1028 | D        | Killed an orc priest
  1029 | D        | Killed an orc wizard
  1043 | D        | Killed an orc warrior
  1046 | D        | Killed an orc wizard
  1201 | D        | Entered arena 11.
  1201 | D        | Noticed a ghost crab
  1201 | D        | Noticed a giant orange brain
  1201 | D        | Noticed a red very ugly thing
  1201 | D        | Noticed a red ugly thing
  1201 | D        | Noticed an anaconda
  1201 | D        | Noticed a cyclops
  1201 | D        | Noticed a wolf spider
  1201 | D        | Noticed a neqoxec
  1202 | D        | Noticed an anaconda
  1202 | D        | Noticed a shock serpent
  1202 | D        | Noticed a torpor snail
  1202 | D        | an anaconda changed into a torpor snail
  1204 | D        | Noticed a cyclops
  1204 | D        | a torpor snail changed into a cyclops
  1206 | D        | Killed a neqoxec
  1206 | D        | Reached skill level 16 in Long Blades
  1206 | D        | Noticed a deep troll
  1206 | D        | a cyclops changed into a deep troll
  1209 | D        | Killed a red ugly thing
  1209 | D        | Acquired Zin's third power
  1209 | D        | Noticed a mana viper
  1209 | D        | a shock serpent changed into a mana viper
  1209 | D        | a deep troll changed into a slime creature
  1210 | D        | a mana viper changed into a wind drake
  1210 | D        | Noticed an octopode
  1210 | D        | a cyclops changed into an octopode
  1212 | D        | Killed a ghost crab
  1212 | D        | Noticed a giant orange brain
  1212 | D        | a slime creature changed into a giant orange brain
  1212 | D        | Noticed a giant orange brain
  1212 | D        | a wolf spider changed into a giant orange brain
  1213 | D        | Killed an anaconda
  1213 | D        | Reached skill level 12 in Fighting
  1213 | D        | Reached skill level 9 in Shields
  1214 | D        | Killed a giant orange brain
  1216 | D        | Killed a red very ugly thing
  1216 | D        | Reached XP level 11. HP: 57/105 MP: 17/28
  1217 | D        | Killed an octopode
  1218 | D        | Killed a giant orange brain
  1218 | D        | Reached skill level 12 in Armour
  1219 | D        | Killed a giant orange brain
  1219 | D        | Reached skill level 15 in Invocations
  1230 | D        | Got the cursed +10 hunting sling of Zin {speed, +Inv rElec rN+ Dex+3}
  1459 | D        | Entered arena 12.
  1459 | D        | Noticed an ice beast
  1459 | D        | Noticed a vampire
  1459 | D        | Noticed a freezing wraith
  1459 | D        | Noticed an ice beast
  1459 | D        | Noticed a tormentor
  1459 | D        | Noticed a flying skull
  1459 | D        | Noticed a freezing wraith
  1461 | D        | Noticed a skeletal warrior
  1465 | D        | Killed a flying skull
  1466 | D        | Killed a vampire
  1466 | D        | Acquired Zin's fourth power
  1469 | D        | Killed an ice beast
  1480 | D        | Killed a skeletal warrior
  1483 | D        | Killed a freezing wraith
  1486 | D        | Killed a tormentor
  1487 | D        | Killed an ice beast
  1492 | D        | Killed a freezing wraith
  1526 | D        | Entered arena 13.
  1526 | D        | Noticed a red devil
  1527 | D        | Noticed a red devil
  1527 | D        | Noticed a hell knight
  1527 | D        | Noticed a shadow
  1528 | D        | Noticed a hellion
  1528 | D        | Noticed a hell hog
  1528 | D        | Noticed a wraith
  1530 | D        | Killed a red devil
  1532 | D        | Killed a shadow
  1538 | D        | Killed a hell knight
  1538 | D        | Killed a hellion
  1541 | D        | Killed a wraith
  1547 | D        | Killed a red devil
  1553 | D        | Killed a hell hog
  1553 | D        | Reached skill level 12 in Shields
  1581 | D        | Identified the Handbook of Creative Enhancements (You found it in the Dungeon)
  1584 | D        | Got the ring of the Country {+Rage rF+ SInv}
  1589 | D        | Identified the Handbook of Boosts (You found it in the Dungeon)
  1707 | D        | Entered arena 14.
  1707 | D        | Noticed an ophan
  1707 | D        | Noticed an angel
  1707 | D        | Noticed an angel
  1708 | D        | Noticed a cherub
  1708 | D        | Noticed a pearl dragon
  1708 | D        | Noticed a pearl dragon
  1709 | D        | Noticed a cherub
  1710 | D        | Noticed an apis
  1718 | D        | Noticed a cherub
  1747 | D        | Killed an angel
  1747 | D        | Reached XP level 12. HP: 71/118 MP: 30/30
  1756 | D        | Killed a cherub
  1756 | D        | Reached skill level 17 in Invocations
  1757 | D        | Killed a cherub
  1757 | D        | Reached skill level 15 in Fighting
  1765 | D        | Killed an angel
  1773 | D        | HP: 23/121 [pearl dragon (29)]
  1778 | D        | Killed a pearl dragon
  1778 | D        | Reached skill level 18 in Invocations
  1783 | D        | Killed an ophan
  1783 | D        | Reached skill level 15 in Armour
  1784 | D        | Killed a cherub
  1790 | D        | Killed a pearl dragon
  1794 | D        | Killed an apis
  1794 | D        | Reached skill level 19 in Invocations
  1794 | D        | Reached XP level 13. HP: 47/132 MP: 30/32
  2086 | D        | Entered arena 15.
  2086 | D        | Noticed an apis
  2087 | D        | Noticed a daeva
  2087 | D        | Noticed an ophan
  2088 | D        | Noticed a pearl dragon
  2090 | D        | Noticed a daeva
  2102 | D        | Killed an apis
  2113 | D        | Killed a daeva
  2115 | D        | Killed an ophan
  2126 | D        | Killed a pearl dragon
  2126 | D        | Reached skill level 18 in Fighting
  2126 | D        | Reached skill level 20 in Invocations
  2153 | D        | HP: 23/136 [daeva/divine providence (14)]
  2161 | D        | Killed a daeva
  2432 | D        | Identified Ytet's Tome of Arcane Weapons and the Traveller (You found it in the Dungeon)
  2463 | D        | Entered arena 16.
  2465 | D        | Noticed an orc sorcerer
  2465 | D        | Noticed an ogre
  2466 | D        | Noticed an orc warrior
  2466 | D        | Noticed an orc priest
  2466 | D        | Noticed an orc knight
  2466 | D        | Noticed an orc wizard
  2467 | D        | Noticed an orc warrior
  2470 | D        | Killed an ogre
  2472 | D        | Killed an orc warrior
  2478 | D        | Killed an orc sorcerer
  2482 | D        | Killed an orc warrior
  2485 | D        | Killed an orc priest
  2488 | D        | Killed an orc wizard
  2492 | D        | Killed an orc knight
  2492 | D        | Reached skill level 6 in Evocations
  2587 | D        | Entered arena 17.
  2587 | D        | Noticed a hell hound
  2590 | D        | Noticed a flying skull
  2591 | D        | Noticed a tormentor
  2592 | D        | Noticed a freezing wraith
  2593 | D        | Noticed a freezing wraith
  2593 | D        | Noticed a reaper
  2593 | D        | Noticed a reaper
  2594 | D        | Noticed a reaper
  2594 | D        | Noticed a wight
  2594 | D        | Noticed a reaper
  2594 | D        | Killed a hell hound
  2596 | D        | Noticed an ice devil
  2596 | D        | Noticed an iron imp
  2596 | D        | Noticed a red devil
  2599 | D        | Noticed an iron imp
  2601 | D        | Killed a freezing wraith
  2601 | D        | Killed a wight
  2601 | D        | Killed an iron imp
  2602 | D        | Noticed a hell hound
  2602 | D        | Killed a freezing wraith
  2603 | D        | Killed a flying skull
  2604 | D        | Killed a hell hound
  2610 | D        | HP: 21/136 [reaper/runed scythe (7)]
  2612 | D        | Killed a tormentor
  2613 | D        | Killed a red devil
  2616 | D        | Killed a reaper
  2616 | D        | Reached skill level 18 in Armour
  2616 | D        | Killed a reaper
  2616 | D        | Killed an iron imp
  2635 | D        | Killed an ice devil
  2644 | D        | HP: 22/139 [reaper/runed scythe (23)]
  2648 | D        | Killed a reaper
  2902 | D        | Killed a reaper
  3112 | D        | Entered arena 18.
  3114 | D        | Noticed a gargoyle
  3114 | D        | Noticed a crystal guardian
  3114 | D        | Noticed an iron dragon
  3115 | D        | Noticed an earth elemental
  3115 | D        | Noticed a crystal guardian
  3115 | D        | Noticed an iron golem
  3115 | D        | Noticed a quicksilver dragon
  3115 | D        | Noticed a stone giant
  3115 | D        | Noticed a gargoyle
  3130 | D        | Noticed a crystal guardian
  3130 | D        | Killed a crystal guardian
  3130 | D        | Reached XP level 14. HP: 121/148 MP: 30/34
  3131 | D        | Noticed an earth elemental
  3132 | D        | Noticed a gargoyle
  3133 | D        | Noticed an earth elemental
  3135 | D        | Noticed an earth elemental
  3135 | D        | Killed a gargoyle
  3138 | D        | Killed a crystal guardian
  3138 | D        | Reached skill level 9 in Evocations
  3139 | D        | Noticed an earth elemental
  3139 | D        | Noticed an iron golem
  3142 | D        | Killed an earth elemental
  3143 | D        | Noticed an iron golem
  3144 | D        | Killed a gargoyle
  3145 | D        | Noticed an earth elemental
  3148 | D        | Killed a quicksilver dragon
  3148 | D        | Reached skill level 15 in Shields
  3149 | D        | Noticed an earth elemental
  3155 | D        | Noticed an iron golem
  3170 | D        | Killed a gargoyle
  3170 | D        | Killed an earth elemental
  3173 | D        | Killed an earth elemental
  3175 | D        | Killed an iron golem
  3178 | D        | Killed an earth elemental
  3184 | D        | Killed an earth elemental
  3184 | D        | Killed an earth elemental
  3190 | D        | Killed an iron golem
  3191 | D        | Killed an iron golem
  3195 | D        | Killed a crystal guardian
  3199 | D        | Killed an iron golem
  3203 | D        | Killed an iron dragon
  3203 | D        | Reached skill level 21 in Fighting
  3204 | D        | Killed a stone giant
  3214 | D        | Killed an earth elemental
  3447 | D        | Got the +0 pair of boots "Schurph" {rN+ MR+}
  3459 | D        | Entered arena 19.
  3466 | D        | Noticed a death ooze
  3466 | D        | Noticed a death ooze
  3477 | D        | Killed a death ooze
  3479 | D        | Noticed a jelly
  3483 | D        | Noticed a giant orange brain
  3485 | D        | Killed a death ooze
  3486 | D        | Noticed a jelly
  3486 | D        | Noticed an azure jelly
  3488 | D        | Noticed an acid blob
  3492 | D        | Killed an acid blob
  3493 | D        | Noticed an azure jelly
  3498 | D        | Noticed an eye of devastation
  3499 | D        | Killed an azure jelly
  3501 | D        | Noticed a slime creature
  3502 | D        | Noticed a slime creature
  3503 | D        | Noticed a great orb of eyes
  3506 | D        | Noticed an eye of devastation
  3506 | D        | Killed an eye of devastation
  3506 | D        | Killed a jelly
  3507 | D        | Noticed a great orb of eyes
  3509 | D        | Killed an azure jelly
  3512 | D        | Noticed a great orb of eyes
  3512 | D        | Killed a great orb of eyes
  3512 | D        | Reached skill level 22 in Fighting
  3515 | D        | Noticed a jelly
  3517 | D        | Killed a great orb of eyes
  3518 | D        | Noticed an acid blob
  3519 | D        | Noticed a slime creature
  3520 | D        | Killed a giant orange brain
  3521 | D        | Killed a slime creature
  3521 | D        | Killed a great orb of eyes
  3523 | D        | Killed a jelly
  3524 | D        | Noticed a slime creature
  3526 | D        | Killed an acid blob
  3526 | D        | Reached skill level 21 in Armour
  3527 | D        | Killed an eye of devastation
  3532 | D        | Killed a slime creature
  3536 | D        | Killed a slime creature
  3539 | D        | Killed a jelly
  3542 | D        | Killed a slime creature
  3577 | D        | Noticed a golden eye
  3581 | D        | Killed a golden eye
  3807 | D        | Entered arena 20.
  3812 | D        | Noticed a red draconian
  3812 | D        | Noticed a red draconian knight
  3812 | D        | Noticed a pale draconian
  3812 | D        | Noticed a white draconian
  3812 | D        | Noticed a pale draconian
  3813 | D        | Noticed a black draconian shifter
  3814 | D        | Noticed a green draconian
  3816 | D        | Noticed a black draconian
  3817 | D        | Noticed a white draconian
  3817 | D        | Noticed a grey draconian shifter
  3818 | D        | Noticed a mottled draconian
  3818 | D        | Noticed a red draconian
  3819 | D        | Noticed a red draconian
  3819 | D        | Noticed a grey draconian
  3820 | D        | Noticed a pale draconian
  3820 | D        | Noticed a black draconian annihilator
  3820 | D        | Noticed a mottled draconian
  3820 | D        | Noticed a pale draconian
  3820 | D        | Noticed a mottled draconian
  3820 | D        | Noticed a pale draconian scorcher
  3821 | D        | Noticed a green draconian shifter
  3821 | D        | Noticed a purple draconian
  3821 | D        | Noticed a red draconian
  3829 | D        | Killed a grey draconian
  3835 | D        | Noticed a pale draconian knight
  3838 | D        | Killed a mottled draconian
  3838 | D        | Reached skill level 6 in Dodging
  3838 | D        | Reached XP level 15. HP: 81/162 MP: 31/35
  3841 | D        | Killed a black draconian shifter
  3841 | D        | Killed a pale draconian
  3841 | D        | Reached skill level 9 in Dodging
  3843 | D        | Killed a red draconian
  3843 | D        | Killed a mottled draconian
  3845 | D        | Noticed a purple draconian
  3845 | D        | Killed a white draconian
  3845 | D        | Reached skill level 12 in Dodging
  3848 | D        | Killed a black draconian annihilator
  3851 | D        | Killed a pale draconian scorcher
  3853 | D        | Killed a pale draconian knight
  3854 | D        | Killed a green draconian shifter
  3854 | D        | Killed a grey draconian shifter
  3856 | D        | Killed a red draconian
  3857 | D        | Killed a red draconian knight
  3859 | D        | Killed a red draconian
  3859 | D        | Reached skill level 15 in Dodging
  3863 | D        | Killed a white draconian
  3865 | D        | Killed a purple draconian
  3869 | D        | Killed a pale draconian
  3873 | D        | Killed a red draconian
  3877 | D        | HP: 31/162 [poisoned by a green draconian (poison gas)]
  3880 | D        | Killed a pale draconian
  3884 | D        | Killed a green draconian
  3891 | D        | Killed a black draconian
  3894 | D        | Killed a purple draconian
  3899 | D        | Killed a pale draconian
  3909 | D        | Killed a mottled draconian
  3949 | D        | Identified the Handbook of Scorching Arcane Weapons (You found it in the Dungeon)
  4186 | D        | Entered arena 21.
  4192 | D        | Noticed an acid blob
  4192 | D        | Noticed a slime creature
  4192 | D        | Noticed an eye of draining
  4194 | D        | Noticed a slime creature
  4194 | D        | Noticed an acid blob
  4194 | D        | Noticed a slime creature
  4194 | D        | Noticed a slime creature
  4194 | D        | Noticed an eye of draining
  4194 | D        | Noticed an eye of devastation
  4194 | D        | Noticed an azure jelly
  4195 | D        | Noticed a great orb of eyes
  4195 | D        | Noticed an azure jelly
  4195 | D        | Noticed a death ooze
  4195 | D        | Noticed a death ooze
  4195 | D        | Noticed a golden eye
  4195 | D        | Noticed a shining eye
  4195 | D        | Noticed a jelly
  4195 | D        | Noticed a death ooze
  4195 | D        | Noticed a slime creature
  4196 | D        | Noticed an acid blob
  4196 | D        | Noticed an acid blob
  4196 | D        | Noticed a jelly
  4196 | D        | Noticed an acid blob
  4196 | D        | Noticed a slime creature
  4196 | D        | Noticed an eye of devastation
  4197 | D        | Noticed a great orb of eyes
  4198 | D        | Noticed a slime creature
  4198 | D        | Noticed an azure jelly
  4198 | D        | Killed a death ooze
  4199 | D        | Noticed a slime creature
  4200 | D        | Killed an acid blob
  4200 | D        | Reached skill level 18 in Dodging
  4201 | D        | Killed a shining eye
  4203 | D        | Killed a golden eye
  4203 | D        | Killed a jelly
  4207 | D        | Killed a jelly
  4207 | D        | Killed an eye of devastation
  4208 | D        | Killed an acid blob
  4209 | D        | Killed an eye of devastation
  4210 | D        | Killed an eye of draining
  4212 | D        | Killed an acid blob
  4213 | D        | Killed a death ooze
  4213 | D        | Reached XP level 16. HP: 115/170 MP: 1/36
  4216 | D        | Killed an eye of draining
  4218 | D        | Killed a great orb of eyes
  4218 | D        | Killed an acid blob
  4220 | D        | Killed an azure jelly
  4225 | D        | Killed an azure jelly
  4226 | D        | Killed an azure jelly
  4232 | D        | Killed a death ooze
  4235 | D        | Killed a large slime creature
  4235 | D        | Reached skill level 21 in Dodging
  4236 | D        | Killed a large slime creature
  4239 | D        | Killed an acid blob
  4240 | D        | Killed a large slime creature
  4241 | D        | Killed a great orb of eyes
  4243 | D        | Killed a slime creature
  4244 | D        | Killed a slime creature
  4532 | D        | Got the +1 pair of gloves of Vehumet's Generosity {Slay+5}
  4554 | D        | Entered arena 22.
  4664 | D        | Noticed a crystal guardian
  4664 | D        | Noticed a gargoyle
  4664 | D        | Noticed an earth elemental
  4678 | D        | Killed a gargoyle
  4681 | D        | Noticed a stone giant
  4682 | D        | Noticed a quicksilver dragon
  4682 | D        | Noticed a stone giant
  4689 | D        | Noticed an earth elemental
  4690 | D        | Noticed an earth elemental
  4691 | D        | Noticed a gargoyle
  4692 | D        | Noticed an iron dragon
  4694 | D        | Killed a crystal guardian
  4695 | D        | Noticed a quicksilver dragon
  4698 | D        | Noticed a crystal guardian
  4698 | D        | Killed an earth elemental
  4701 | D        | Noticed a quicksilver dragon
  4701 | D        | Noticed a gargoyle
  4703 | D        | Noticed a stone giant
  4706 | D        | Noticed a gargoyle
  4706 | D        | Killed a quicksilver dragon
  4706 | D        | Reached skill level 12 in Evocations
  4706 | D        | Killed a gargoyle
  4710 | D        | Noticed an iron dragon
  4711 | D        | Noticed an earth elemental
  4711 | D        | Noticed an iron dragon
  4711 | D        | Noticed an earth elemental
  4711 | D        | Noticed a stone giant
  4711 | D        | Noticed a stone giant
  4711 | D        | Noticed an iron golem
  4711 | D        | Noticed a crystal guardian
  4712 | D        | Noticed an iron dragon
  4713 | D        | Noticed an iron dragon
  4713 | D        | Killed a crystal guardian
  4716 | D        | Noticed an iron dragon
  4717 | D        | Noticed an iron golem
  4717 | D        | Killed a gargoyle
  4719 | D        | Killed a quicksilver dragon
  4720 | D        | Noticed an iron golem
  4720 | D        | Killed a quicksilver dragon
  4720 | D        | Reached skill level 15 in Evocations
  4720 | D        | Killed a stone giant
  4721 | D        | Killed an earth elemental
  4722 | D        | Killed an earth elemental
  4722 | D        | Killed an earth elemental
  4722 | D        | Killed a gargoyle
  4724 | D        | Noticed an iron golem
  4724 | D        | Killed a stone giant
  4725 | D        | Noticed an earth elemental
  4726 | D        | Killed a crystal guardian
  4726 | D        | Killed an earth elemental
  4728 | D        | Noticed an iron dragon
  4730 | D        | Noticed an iron golem
  4733 | D        | Killed a stone giant
  4738 | D        | Killed an iron dragon
  4739 | D        | Killed a stone giant
  4739 | D        | Reached skill level 21 in Invocations
  4740 | D        | Killed an earth elemental
  4741 | D        | Killed an iron dragon
  4742 | D        | Killed an iron dragon
  4742 | D        | Killed a stone giant
  4744 | D        | Killed an iron dragon
  4747 | D        | Killed an iron dragon
  4747 | D        | Reached skill level 23 in Invocations
  4753 | D        | Killed an iron dragon
  4754 | D        | Killed an iron golem
  4754 | D        | Reached skill level 24 in Invocations
  4755 | D        | Killed an iron golem
  4757 | D        | Killed an iron golem
  4760 | D        | Killed an iron dragon
  4763 | D        | Killed an iron golem
  4765 | D        | Killed an iron golem
  4765 | D        | Reached skill level 25 in Invocations
  4765 | D        | Reached XP level 17. HP: 54/178 MP: 38/38
  5104 | D        | Entered arena 23.
  5113 | D        | Noticed Phunuale the pandemonium lord
  5113 | D        | Noticed Cixe the pandemonium lord
  5114 | D        | Noticed Sutoy the pandemonium lord
  5114 | D        | Noticed Olamepnu the pandemonium lord
  5114 | D        | Noticed Emofatt the pandemonium lord
  5115 | D        | Noticed Vitzaff the pandemonium lord
  5117 | D        | Noticed Noarrak the pandemonium lord
  5117 | D        | Noticed Yfiumpaute the pandemonium lord
  5118 | D        | Noticed an orange demon
  5118 | D        | Noticed Dyasmeol the pandemonium lord
  5118 | D        | Noticed a ynoxinul
  5119 | D        | Noticed a reaper
  5120 | D        | Noticed Boumi the pandemonium lord
  5120 | D        | Noticed Mnoina Lovva the pandemonium lord
  5121 | D        | Noticed Kegu the pandemonium lord
  5121 | D        | Killed a ynoxinul
  5122 | D        | Noticed Deot the pandemonium lord
  5122 | D        | Noticed Froexaw the pandemonium lord
  5122 | D        | Noticed Hoemn the pandemonium lord
  5122 | D        | Noticed Veivom the pandemonium lord
  5122 | D        | Noticed Ufodak the pandemonium lord
  5122 | D        | Noticed Xumyzui the pandemonium lord
  5122 | D        | Noticed Aloxatik the pandemonium lord
  5122 | D        | Noticed Xaigutto the pandemonium lord
  5122 | D        | Noticed Ritu Rirph the pandemonium lord
  5122 | D        | Noticed Weos the pandemonium lord
  5122 | D        | Noticed Lycu the pandemonium lord
  5123 | D        | Noticed a torturous chaos champion
  5123 | D        | Noticed a cacodemon
  5123 | D        | Noticed Ejyhedaxzi the pandemonium lord
  5123 | D        | Noticed Daskoy the pandemonium lord
  5123 | D        | Noticed Qica Nucza the pandemonium lord
  5123 | D        | Noticed Zitythri the pandemonium lord
  5123 | D        | Noticed Caciadda the pandemonium lord
  5123 | D        | Noticed Breogoin the pandemonium lord
  5123 | D        | Noticed Strismi the pandemonium lord
  5124 | D        | Noticed a gelid demonspawn
  5124 | D        | Noticed a large abomination
  5124 | D        | Noticed Phacousch the pandemonium lord
  5125 | D        | Noticed Woomaf the pandemonium lord
  5127 | D        | Noticed a Shadow Fiend
  5129 | D        | Noticed a Brimstone Fiend
  5130 | D        | Killed an orange demon
  5134 | D        | Entered arena 24.
  5148 | D        | Killed a large abomination
  5298 | D        | Noticed a golden dragon
  5300 | D        | Noticed a golden dragon
  5300 | D        | Noticed a hog
  5301 | D        | Noticed a glowing shapeshifter
  5301 | D        | Noticed a merfolk
  5301 | D        | a glowing shapeshifter changed into a big kobold
  5302 | D        | Noticed a hog
  5302 | D        | a merfolk changed into a lindwurm
  5303 | D        | a golden dragon changed into a shadow dragon
  5304 | D        | Noticed an acid blob
  5305 | D        | Noticed a quicksilver dragon
  5305 | D        | a fire giant changed into a quicksilver dragon
  5306 | D        | Noticed a quicksilver dragon
  5306 | D        | a shadow dragon changed into a quicksilver dragon
  5313 | D        | Noticed a golden dragon
  5314 | D        | a quicksilver dragon changed into a shadow dragon
  5316 | D        | Reached skill level 26 in Invocations
  5317 | D        | Killed a hog
  5319 | D        | a golden dragon changed into an acid blob
  5330 | D        | Noticed a wind drake
  5334 | D        | Reached skill level 27 in Invocations
  5352 | D        | Reached skill level 24 in Fighting
  5577 | D        | Got the ring "Thriotagg" {rF+ Int+5 Stlth+}
  5648 | D        | Entered arena 25.
  5658 | D        | Noticed a merfolk javelineer
  5658 | D        | Noticed a merfolk aquamancer
  5658 | D        | Noticed a wind drake
  5659 | D        | Noticed a wind drake
  5659 | D        | Noticed a merfolk
  5659 | D        | Noticed a manticore
  5659 | D        | Noticed a merfolk impaler
  5659 | D        | Noticed a merfolk javelineer
  5659 | D        | Noticed a kraken
  5659 | D        | Noticed a merfolk impaler
  5659 | D        | Noticed a merfolk
  5659 | D        | Noticed a kraken
  5660 | D        | Noticed a merfolk javelineer
  5660 | D        | Noticed a harpy
  5660 | D        | Noticed a sea snake
  5660 | D        | Noticed a water nymph
  5660 | D        | Noticed a merfolk
  5660 | D        | Noticed a merfolk aquamancer
  5660 | D        | Noticed a sea snake
  5660 | D        | Noticed a merfolk impaler
  5660 | D        | Noticed a merfolk aquamancer
  5660 | D        | Noticed a merfolk javelineer
  5660 | D        | Noticed a water elemental
  5660 | D        | Noticed a satyr
  5660 | D        | Noticed a kraken
  5661 | D        | Noticed a merfolk impaler
  5661 | D        | Noticed a mermaid
  5661 | D        | Noticed a merfolk impaler
  5661 | D        | Noticed a merfolk aquamancer
  5661 | D        | Noticed a manticore
  5661 | D        | Noticed a sea snake
  5661 | D        | Noticed a sea snake
  5661 | D        | Noticed a sea snake
  5661 | D        | Noticed a merfolk impaler
  5662 | D        | Noticed a water elemental
  5663 | D        | Noticed a merfolk aquamancer
  5663 | D        | Noticed a merfolk impaler
  5663 | D        | Noticed a merfolk impaler
  5663 | D        | Noticed a merfolk impaler
  5663 | D        | Noticed a merfolk javelineer
  5664 | D        | Noticed a merfolk
  5664 | D        | Noticed a mermaid
  5665 | D        | Noticed a water nymph
  5665 | D        | Noticed a merfolk javelineer
  5666 | D        | Noticed a sea snake
  5666 | D        | Noticed a merfolk impaler
  5671 | D        | Killed a merfolk impaler
  5672 | D        | Killed a harpy
  5674 | D        | Noticed a merfolk impaler
  5675 | D        | Killed a sea snake
  5677 | D        | Killed a wind drake
  5678 | D        | Killed a manticore
  5678 | D        | Reached skill level 27 in Fighting
  5678 | D        | Killed a merfolk
  5678 | D        | Killed a merfolk
  5678 | D        | Killed a water elemental
  5680 | D        | Killed a griffon
  5681 | D        | Killed a sea snake
  5682 | D        | Killed a sea snake
  5683 | D        | Killed a wind drake
  5684 | D        | Killed a merfolk impaler
  5685 | D        | Noticed a manticore
  5685 | D        | Killed a sea snake
  5685 | D        | Killed a merfolk javelineer
  5685 | D        | Killed a merfolk javelineer
  5686 | D        | Killed a merfolk javelineer
  5687 | D        | Killed a merfolk impaler
  5690 | D        | Killed a manticore
  5690 | D        | Killed a merfolk impaler
  5691 | D        | Killed a satyr
  5692 | D        | Killed a sea snake
  5692 | D        | Killed a water nymph
  5692 | D        | Killed a mermaid
  5693 | D        | Killed a sea snake
  5693 | D        | Killed a merfolk impaler
  5695 | D        | Killed a merfolk impaler
  5695 | D        | Killed a merfolk impaler
  5695 | D        | Reached skill level 24 in Armour
  5700 | D        | Killed a merfolk impaler
  5704 | D        | Killed a merfolk impaler
  5705 | D        | Killed a manticore
  5707 | D        | Killed a water elemental
  5708 | D        | Killed a water nymph
  5710 | D        | Killed a mermaid
  5713 | D        | Killed a merfolk impaler
  5717 | D        | Killed a merfolk aquamancer
  5718 | D        | Killed a merfolk aquamancer
  5718 | D        | Killed a merfolk
  5719 | D        | Killed a merfolk
  5720 | D        | Killed a merfolk javelineer
  5729 | D        | Killed a merfolk aquamancer
  5729 | D        | Killed a merfolk aquamancer
  5739 | D        | Killed a merfolk impaler
  5749 | D        | Killed a merfolk aquamancer
  5754 | D        | Killed a merfolk javelineer
  5773 | D        | Killed a merfolk javelineer
  6148 | D        | Noticed a kraken
  6148 | D        | Noticed a kraken
  6159 | D        | Killed a kraken
  6161 | D        | Killed a kraken
  6161 | D        | Reached XP level 18. HP: 175/200 MP: 40/40
  6177 | D        | Killed a kraken
  6177 | D        | Reached skill level 9 in Throwing
  6204 | D        | Killed a kraken
  6242 | D        | Killed a kraken
  6511 | D        | Entered arena 26.
  6519 | D        | Noticed a titan
  6520 | D        | Noticed a titan
  6520 | D        | Noticed a cyclops
  6520 | D        | Noticed a frost giant
  6520 | D        | Noticed an ettin
  6532 | D        | Noticed an ettin
  6536 | D        | Noticed an ettin
  6538 | D        | Killed a titan
  6538 | D        | Reached skill level 12 in Throwing
  6540 | D        | Noticed a titan
  6542 | D        | Noticed a hill giant
  6542 | D        | Noticed a cyclops
  6548 | D        | Killed an ettin
  6552 | D        | Noticed a hill giant
  6553 | D        | Noticed a stone giant
  6553 | D        | Killed an ettin
  6556 | D        | Noticed a fire giant
  6556 | D        | Killed a hill giant
  6557 | D        | Noticed a stone giant
  6558 | D        | Noticed a hill giant
  6559 | D        | Noticed an ettin
  6560 | D        | Noticed a fire giant
  6560 | D        | Killed a hill giant
  6561 | D        | Noticed an ettin
  6562 | D        | Killed a stone giant
  6562 | D        | Reached skill level 18 in Long Blades
  6563 | D        | Noticed a frost giant
  6564 | D        | Noticed a titan
  6565 | D        | Killed a hill giant
  6565 | D        | Killed a cyclops
  6566 | D        | Noticed a cyclops
  6566 | D        | Noticed a cyclops
  6566 | D        | Noticed a hill giant
  6566 | D        | Noticed a cyclops
  6566 | D        | Noticed a cyclops
  6568 | D        | Killed a fire giant
  6571 | D        | Noticed a stone giant
  6571 | D        | Killed a fire giant
  6572 | D        | Killed an ettin
  6573 | D        | Killed an ettin
  6574 | D        | Killed a cyclops
  6574 | D        | Killed a cyclops
  6575 | D        | Killed a frost giant
  6577 | D        | Killed a stone giant
  6579 | D        | Killed a cyclops
  6579 | D        | Killed a cyclops
  6581 | D        | Noticed a frost giant
  6583 | D        | Killed a titan
  6583 | D        | Reached skill level 21 in Long Blades
  6585 | D        | Noticed a stone giant
  6585 | D        | Noticed a frost giant
  6585 | D        | Noticed a cyclops
  6586 | D        | Noticed a cyclops
  6586 | D        | Noticed a stone giant
  6586 | D        | Noticed an ettin
  6586 | D        | Noticed an ettin
  6586 | D        | Noticed a cyclops
  6586 | D        | Noticed a hill giant
  6586 | D        | Noticed a hill giant
  6586 | D        | Noticed a cyclops
  6586 | D        | Noticed a frost giant
  6587 | D        | Killed a cyclops
  6588 | D        | Noticed a frost giant
  6589 | D        | Noticed a fire giant
  6589 | D        | Killed a frost giant
  6589 | D        | Reached skill level 18 in Evocations
  6593 | D        | Noticed a stone giant
  6593 | D        | Killed a stone giant
  6595 | D        | Noticed a stone giant
  6595 | D        | Noticed a titan
  6595 | D        | Noticed a titan
  6595 | D        | Noticed a fire giant
  6595 | D        | Noticed a cyclops
  6595 | D        | Noticed a cyclops
  6595 | D        | Noticed an ettin
  6596 | D        | Noticed a titan
  6596 | D        | Noticed a titan
  6597 | D        | Killed an ettin
  6597 | D        | Killed a cyclops
  6598 | D        | Killed a frost giant
  6599 | D        | Noticed a cyclops
  6600 | D        | Killed a titan
  6600 | D        | Killed a cyclops
  6603 | D        | Killed a frost giant
  6606 | D        | Noticed a cyclops
  6606 | D        | Killed a titan
  6608 | D        | Killed an ettin
  6608 | D        | Reached skill level 21 in Evocations
  6610 | D        | Noticed a frost giant
  6614 | D        | Killed a titan
  6614 | D        | Killed a fire giant
  6614 | D        | Killed a cyclops
  6616 | D        | Killed a stone giant
  6616 | D        | Killed a cyclops
  6621 | D        | Killed a frost giant
  6622 | D        | Noticed a frost giant
  6623 | D        | Killed a stone giant
  6625 | D        | Killed a titan
  6627 | D        | Killed an ettin
  6630 | D        | Killed a frost giant
  6632 | D        | Killed a cyclops
  6634 | D        | Killed a hill giant
  6634 | D        | Reached skill level 24 in Evocations
  6638 | D        | Noticed a hill giant
  6649 | D        | Killed a titan
  6657 | D        | Killed a frost giant
  6661 | D        | Killed an ettin
  6663 | D        | Killed a hill giant
  6664 | D        | Killed a stone giant
  6665 | D        | Killed a cyclops
  6665 | D        | Killed a cyclops
  6667 | D        | Killed a fire giant
  6670 | D        | Killed a cyclops
  6671 | D        | Killed a hill giant
  6673 | D        | Killed a frost giant
  6675 | D        | Killed a hill giant
  6680 | D        | Killed a titan
  6680 | D        | Reached XP level 19. HP: 121/207 MP: 37/41
  6685 | D        | Killed a stone giant
  6998 | D        | Entered arena 27.
  7006 | D        | Noticed a deep elf high priest
  7006 | D        | Noticed a deep elf annihilator
  7007 | D        | Noticed a deep elf high priest
  7008 | D        | Noticed a deep elf blademaster
  7008 | D        | Noticed a deep elf knight
  7009 | D        | Noticed a deep elf annihilator
  7010 | D        | Noticed a deep elf conjurer
  7011 | D        | Noticed a deep elf knight
  7011 | D        | Noticed a deep elf blademaster
  7019 | D        | Noticed a deep elf blademaster
  7020 | D        | Noticed a deep elf mage
  7021 | D        | Noticed a deep elf master archer
  7021 | D        | Noticed a deep elf annihilator
  7022 | D        | Noticed a deep elf blademaster
  7022 | D        | Noticed an orc sorcerer
  7022 | D        | Noticed a deep elf high priest
  7023 | D        | Noticed a deep elf high priest
  7023 | D        | Noticed a deep elf mage
  7023 | D        | Noticed a deep elf high priest
  7023 | D        | Noticed a deep elf sorcerer
  7024 | D        | Noticed a deep elf sorcerer
  7024 | D        | Noticed a deep elf blademaster
  7024 | D        | Noticed a deep elf conjurer
  7024 | D        | Noticed a deep elf annihilator
  7024 | D        | Noticed a deep elf knight
  7024 | D        | Noticed a deep elf priest
  7024 | D        | Noticed a deep elf conjurer
  7025 | D        | Noticed a deep elf knight
  7025 | D        | Noticed a deep elf mage
  7026 | D        | Noticed a deep elf blademaster
  7027 | D        | Noticed a deep elf master archer
  7027 | D        | Noticed a deep elf high priest
  7028 | D        | Noticed a deep elf sorcerer
  7029 | D        | Noticed a jumping spider
  7029 | D        | Noticed a deep elf blademaster
  7029 | D        | Noticed a deep elf sorcerer
  7029 | D        | Noticed a deep elf priest
  7029 | D        | Killed a deep elf priest
  7029 | D        | Killed a deep elf priest
  7030 | D        | Noticed a deep elf mage
  7030 | D        | Noticed a deep elf high priest
  7030 | D        | Noticed a deep elf master archer
  7031 | D        | Noticed a deep elf high priest
  7031 | D        | Noticed a deep elf annihilator
  7031 | D        | Noticed a deep elf master archer
  7031 | D        | Noticed a deep elf mage
  7031 | D        | Noticed a deep elf conjurer
  7031 | D        | Noticed a deep elf high priest
  7032 | D        | Killed a deep elf mage
  7033 | D        | Noticed a deep elf summoner
  7033 | D        | Noticed a deep elf annihilator
  7033 | D        | Noticed a deep elf mage
  7033 | D        | Noticed a deep elf master archer
  7033 | D        | Noticed a deep elf mage
  7034 | D        | Noticed a deep elf fighter
  7034 | D        | Noticed a deep elf summoner
  7035 | D        | Noticed a deep elf knight
  7035 | D        | Noticed a deep elf sorcerer
  7036 | D        | Noticed a deep elf fighter
  7047 | D        | Killed a deep elf high priest
  7047 | D        | Killed a deep elf high priest
  7049 | D        | Killed a deep elf high priest
  7049 | D        | Reached skill level 27 in Evocations
  7050 | D        | Got the Orb of Zot
  7055 | D        | Escaped with the Orb!

Vault maps used:
D:        sprint_v

Action                   |  1- 3 |  4- 6 |  7- 9 | 10-12 | 13-15 | 16-18 | 19-21 || total
-------------------------+-------+-------+-------+-------+-------+-------+-------++-------
Melee: Bastard sword     |     6 |    20 |    89 |   151 |   332 |   426 |       ||  1024
       Unarmed           |       |       |       |       |       |       |     4 ||     4
Throw: Javelin           |       |       |       |       |       |     1 |     3 ||     4
Invok: Recite            |       |     2 |     3 |     5 |     8 |    10 |     1 ||    29
       Vitalisation      |       |       |     2 |     1 |       |     6 |     1 ||    10
       Imprison          |       |       |       |     2 |    11 |     9 |       ||    22
       Sanctuary         |       |       |       |       |     2 |     1 |     1 ||     4
Evoke: Wand              |     1 |       |       |     3 |     2 |     4 |       ||    10
       Rod               |       |       |       |       |     5 |    13 |       ||    18
       Phial of floods   |       |       |       |       |     1 |     1 |       ||     2
       Fan of gales      |       |       |       |       |       |     6 |     1 ||     7
       Lamp of fire      |       |       |       |       |       |     1 |       ||     1
       Deck              |       |       |       |       |       |       |     4 ||     4
  Use: Potion            |     1 |       |       |     7 |    11 |     4 |     1 ||    24
       Scroll            |       |       |       |     5 |     1 |     1 |     1 ||     8
 Stab: Confused          |       |       |     2 |     6 |     2 |     5 |       ||    15
       Invisible         |       |       |       |     1 |       |     2 |       ||     3
       Paralysed         |       |       |       |       |     7 |       |       ||     7
       Distracted        |       |       |       |       |     1 |     1 |       ||     2
  Eat: Bread ration      |       |       |       |     1 |     3 |       |       ||     4
       Meat ration       |       |       |       |       |       |     2 |       ||     2
